 Dungeon Crawl Stone Soup version 0.24-a0-445-gd5110b030a (webtiles) character file.

Game seed: 11341953778806085933

5742 mhoghedin the Covert (level 10, 0/72 HPs)
             Began as an Octopode Assassin on June 22, 2019.
             Was an Initiate of Gozag.
             Slain by a two-headed ogre
             ... wielding a +0 giant club
              (24 damage)
             ... on level 8 of the Dungeon.
             The game lasted 00:16:39 (10121 turns).

mhoghedin the Covert (Octopode Assassin)           Turns: 10121, Time: 00:16:40

Health: 0/72       AC:  1    Str: 17    XL:     10   Next: 77%
Magic:  19/19      EV: 16    Int: 13    God:    Gozag
Gold:   950        SH:  8    Dex: 11    Spells: 9/9 levels left

rFire    . . .     SeeInvis .   a - +8 dagger of Kaycai {drain, rPois Str+5 Dex-5 Stlth+}
rCold    . . .     Gourm    .   c - +3 buckler of Midwinter {rElec MP+9 Stlth+}
rNeg     . . .     Faith    .   (helmet restricted)
rPois    +         Spirit   .   (no amulet)
rElec    +         Reflect  .   n - ring of wizardry {Wiz+, !d}
rCorr    .         Harm     .   (no ring)
MR       .....                  (no ring)
Stlth    +++++++...             (no ring)
HPRegen  0.22/turn              (no ring)
MPRegen  0.16/turn              (no ring)
                                (no ring)
                                (no ring)

@: no status effects
A: almost no armour, stealthy swim, amphibious, 8 rings, constrict 8, camouflage
1, gelatinous body 1
a: Potion Petition, Call Merchant, Bribe Branch, Renounce Religion


You were on level 8 of the Dungeon.
You worshipped Gozag.
Gozag was pleased with you.
You were not hungry.

You visited 2 branches of the dungeon, and saw 10 of its levels.

You collected 1019 gold pieces.
You paid 69 gold pieces to Gozag.

Inventory:

Hand Weapons
 a - the +8 dagger of Kaycai (weapon) {drain, rPois Str+5 Dex-5 Stlth+}
   (You found it on level 8 of the Dungeon)

   A truly terrible weapon, it drains the life of those it strikes.
   It affects your strength (+5).
   It affects your dexterity (-5).
   It protects you from poison.
   It makes you more stealthy.
 b - the +10 mace of the Ass {venom, Int+3}
   (You found it on level 4 of the Dungeon)

   It poisons the flesh of those it strikes.
   It affects your intelligence (+3).
Missiles
 l - a curare-tipped dart (quivered)
 p - 33 poisoned darts
Armour
 c - the +3 buckler of Midwinter (worn) {rElec MP+9 Stlth+}
   (You acquired it on level 7 of the Dungeon)

   It insulates you from electricity.
   It affects your magic capacity (+9).
   It makes you more stealthy.
Magical Staves
 D - an uncursed staff of summoning {!a}
   (You found it on level 8 of the Dungeon)
Jewellery
 m - an uncursed ring of wizardry {Wiz+, !d}
   (You found it on level 4 of the Dungeon)
 n - a ring of wizardry (left tentacle) {Wiz+, !d}
   (You found it on level 2 of the Dungeon)
 E - an uncursed ring of wizardry {Wiz+, !d}
   (You found it on level 8 of the Dungeon)
Wands
 B - a wand of enslavement (3)
   (You found it on level 7 of the Dungeon)
 C - a wand of random effects (10)
   (You found it on level 7 of the Dungeon)
Scrolls
 g - 2 scrolls of blinking {!r}
 i - 6 scrolls of teleportation
 j - 3 scrolls of enchant armour
 o - a scroll of amnesia
 s - 3 scrolls of remove curse
 v - 2 scrolls of identify
 x - 2 scrolls of enchant weapon
 z - a scroll of fog
Potions
 e - 10 potions of curing
 f - 2 potions of might
 h - a potion of resistance
 k - 5 potions of heal wounds
 q - 4 potions of haste
 r - 2 potions of magic
 t - a potion of lignification {unknown}
 u - a potion of agility {unknown}
 w - 2 potions of degeneration {!q}
 A - a potion of brilliance
Miscellaneous
 y - a box of beasts
 F - a crystal ball of energy
   (You found it on level 8 of the Dungeon)
 G - a fan of gales
   (You found it on level 8 of the Dungeon)
Comestibles
 d - 15 rations


   Skills:
 - Level 8.3 Fighting
 + Level 5.6 Short Blades
 - Level 4.9 Maces & Flails
 - Level 3.9 Throwing
 - Level 6.8 Dodging
 - Level 11.0 Stealth
 - Level 4.8 Shields


You had 9 spell levels left.
You didn't know any spells.
Your spell library contained the following spells:

 Spells                   Type           Power        Failure   Level  Hunger
 Irradiate                Conj/Tmut      #.........   96%         5    ######.
 Hydra Form               Tmut           #.........   100%        6    #######
 Statue Form              Tmut/Erth      #........    100%        6    #######
 Dragon Form              Tmut           #.........   100%        7    #######


Dungeon Overview and Level Annotations

Branches:
Dungeon (9/15)             Temple (1/1) D:6
   Lair: D:8-11         Orc: D:9-12

Altars:
Ashenzari
Cheibriados
Dithmenos
Elyvilon
Fedhas
Gozag
Hepliaklqana
Kikubaaqudgha
Makhleb
Nemelex Xobeh
Okawaru
Qazlal
Ru
Sif Muna
Trog
Uskayaw
Vehumet
Wu Jian
Xom
Yredelemnul
Zin
The Shining One

Annotations:
D:8 2 runed translucent doors


Innate Abilities, Weirdness & Mutations

You cannot wear most types of armour.
You are very stealthy in the water. (Stealth+)
You are amphibious.
You can wear up to eight rings at the same time.
You can use your tentacles to constrict eight enemies at once.
Your skin changes colour to match your surroundings (Stealth+).
Your rubbery body absorbs attacks. (AC +1, EV +1)


Message History

You kill the worker ant!
The ogre becomes distracted by the nearby gold, dreaming of imaginary riches.
The ogre shouts!
You hit the orc.
The orc is poisoned.
You grab the orc. You squeeze the orc.
You kill the orc!
The ogre is no longer distracted by gold.
You completely miss the ogre. The ogre misses you.
You closely miss the ogre. You squeeze the ogre!
The ogre completely misses you.
You sock the ogre!
The ogre is poisoned.
Your squeeze misses the ogre. The ogre misses you.
You hit the ogre.
The ogre looks as sick as possible!
The ogre misses you.
You hit the ogre.
You kill the ogre!
You now have 915 gold pieces (gained 34).
There is an open translucent door, spattered with blood here.
Things that are here:
a +0 giant club; a +0 club; a cursed +0 leather armour You now have 920 gold pieces (gained 5).
You now have 950 gold pieces (gained 30).
Items here: )) [[ a cursed +0 dagger; a +0 robe; a cursed +0 broad axe; a +0 chain mail You see here a robe.
You see here a trident.
There is an open door, spattered with blood here.
There is an open door here.
Things that are here:
a runed rapier; a shimmering dagger
H - a shimmering dagger The +10 mace of the Ass {venom, Int+3} stops dripping with poison.
You feel stronger.
You feel clumsy.
You sense an unholy aura.
H - the +8 dagger of Kaycai (weapon)
{drain, rPois Str+5 Dex-5 Stlth+} Adjust to which letter? (? for menu, Esc to quit)
a - the +8 dagger of Kaycai (weapon)
{drain, rPois Str+5 Dex-5 Stlth+}
H - a +3 dagger You drop a +3 dagger.
Health restored: 72
Okay, then.
Done exploring.
Done exploring.
(D) Dungeon (T) Temple
Where to? (Enter - D:8, ? - help)
There is an open door here.
There is an open door, spattered with blood here.
You see here a robe.
You see here a +0 giant club.
There is a stone staircase leading down here.
You climb downwards. 2 kobolds and a two-headed ogre come into view.
Found a robe, a ration and 8 gold pieces.
Found a stone staircase leading down and a stone staircase leading up.
There is a stone staircase leading up here. 2 kobolds come into view.
A kobold is wielding a +1 dagger of flaming.
A big kobold comes into view.
The two-headed ogre shouts in stereo!
The kobold shouts! x3
The big kobold shouts!
A worker ant zombie comes into view.
The two-headed ogre hits you with a +0 giant club!
The two-headed ogre closely misses you.
You take 7 damage, and have 65/72 hp.
The kobold shouts!
You hit the two-headed ogre. You drain the two-headed ogre.
You barely miss the two-headed ogre.
The kobold throws a stone.
The stone closely misses you. You block the two-headed ogre's attack.
The two-headed ogre barely misses you.
You hit the two-headed ogre.
There is a stone staircase leading up here.
You block the two-headed ogre's attack. x2; You block the kobold's attack.
You climb upwards.
Level annotation: 2 runed translucent doors
There is a stone staircase leading down here.
You hit the two-headed ogre. You drain the two-headed ogre.
The two-headed ogre hits you with a +0 giant club!!
You block the two-headed ogre's attack.
You take 22 damage, and have 45/72 hp.
MASSIVE DAMAGE!!
You hit the two-headed ogre. You squeeze the two-headed ogre!
The kobold hits you but does no damage.
You hit the two-headed ogre. The kobold misses you.
You block the two-headed ogre's attack.
The two-headed ogre completely misses you.
You hit the two-headed ogre.
Your squeeze misses the two-headed ogre.
The kobold hits you with a +0 dagger.
You hit the two-headed ogre. You drain the two-headed ogre.
You squeeze the two-headed ogre.
The two-headed ogre hits you with a +0 giant club!!
The two-headed ogre completely misses you.
You take 21 damage, and have 24/72 hp.
MASSIVE DAMAGE!!
Unknown command.
You hit the two-headed ogre but do no damage.
The kobold misses you.
You hit the two-headed ogre.
The two-headed ogre hits you with a +0 giant club!!
You die...
Your body crumbles into a pile of gold.

..#######.##.#####...##.#........
..#.....#.##+#######........##.#.
..#.###.#)##....######....#.##...
#.#.')#.')##....+.....##..#.####.
#.#.###.#[.#....######.......###.
#.#.....#..#)#######.............
#.#######..#.#####......##...####
#.........#)####.K...........#
##...#########..@O..##.......####
#.#.#..#..##...#.#####.^.........
#..#.#.#.##..###...# #....?......
###.#.#..##.## ###.# ####........
.#.##.##.#..####.#.### #........
.###.#..##...........# #........
..#.#.#.#...######.#.####........
#.###..##..............##........
#..#.###..)#########+#.##........


You could see a two-headed ogre and a kobold.

Vanquished Creatures
  Grinder (D:3)
  3 hippogriffs (D:8)
  4 yaks (D:8)
  Grum (D:8)
  2 hungry ghosts
  A human (D:8)
  4 hogs (D:8)
  Duvessa (D:6)
  An orc warrior (D:8)
  An ice beast (D:7)
  A necrophage (D:8)
  A black bear (D:8)
  2 sky beasts
  3 wolves (D:8)
  4 ogres
  A centaur (D:7)
  3 big kobolds
  2 bullfrogs (D:8)
  Dowan (D:6)
  5 scorpions
  A killer bee (D:8)
  A vampire bat (D:3)
  A wight (D:8)
  8 crimson imps
  A howler monkey (D:7)
  A centaur zombie (D:5)
  6 hounds
  4 jellies
  A quasit (D:8)
  3 orc wizards
  3 bullfrog skeletons (D:4)
  6 worker ants
  2 killer bee zombies (D:8)
  A howler monkey skeleton (D:7)
  10 adders
  A shadow imp (D:6)
  3 oozes
  An adder skeleton (D:8)
  2 worms (D:2)
  4 dart slugs
  3 fire bats (D:3)
  5 leopard geckos
  10 orcs
  2 spectral bats (D:3)
  4 ball pythons
  3 bat skeletons (D:3)
  A bat zombie (D:3)
  8 giant cockroaches
  4 goblins
  6 hobgoblins
  12 jackals
  3 quokkas
  17 bats
  A bat simulacrum (D:3)
  5 frilled lizards
  2 giant cockroach zombies
  19 kobolds
  A leopard gecko zombie (D:7)
  6 rats
214 creatures vanquished.

Notes
Turn   | Place    | Note
-------+----------+-------------------------------------------
     0 | D:1      | mhoghedin the Octopode Assassin began the quest for the
                  | Orb.
     0 | D:1      | Reached XP level 1. HP: 14/14 MP: 1/1
    87 | D:1      | Reached skill level 6 in Stealth
    87 | D:1      | Reached XP level 2. HP: 16/19 MP: 2/2
   800 | D:2      | Reached XP level 3. HP: 23/24 MP: 3/3
   805 | D:2      | Reached skill level 7 in Stealth
  1033 | D:2      | You fall into a shaft and drop 2 floors!
  1294 | D:3      | Reached XP level 4. HP: 26/29 MP: 4/4
  1564 | D:2      | Reached skill level 8 in Stealth
  1887 | D:3      | Noticed Grinder
  1900 | D:3      | Killed Grinder
  1900 | D:3      | Reached skill level 10 in Stealth
  1900 | D:3      | Reached XP level 5. HP: 11/34 MP: 5/5
  1900 | D:3      | Reached XP level 6. HP: 12/39 MP: 6/6
  1900 | D:3      | HP: 9/39 [dart slug (3)]
  2972 | D:3      | Reached skill level 11 in Stealth
  2994 | D:3      | Reached XP level 7. HP: 24/45 MP: 7/7
  3864 | D:4      | Reached skill level 2 in Dodging
  3995 | D:4      | Reached skill level 3 in Short Blades
  4051 | D:4      | Got a dazzling mace
  4056 | D:4      | Identified the +10 mace of the Ass {venom, Int+3} (You
                  | found it on level 4 of the Dungeon)
  4067 | D:4      | Reached skill level 3 in Fighting
  4071 | D:4      | Reached skill level 3 in Throwing
  4700 | D:5      | Entered Level 5 of the Dungeon
  4779 | D:5      | Found a glowing golden altar of the Shining One.
  4869 | D:5      | Reached XP level 8. HP: 52/52 MP: 8/8
  5105 | D:5      | Reached skill level 3 in Dodging
  5458 | D:5      | Reached skill level 4 in Fighting
  5458 | D:5      | Reached skill level 4 in Short Blades
  5609 | D:6      | Noticed Duvessa
  5609 | D:6      | Noticed Dowan
  5610 | D:6      | Killed Duvessa
  5610 | D:6      | Reached skill level 1 in Shields
  5614 | D:6      | Killed Dowan
  5853 | D:6      | Reached skill level 2 in Shields
  5860 | D:6      | Found a staircase to the Ecumenical Temple.
  5871 | Temple   | Entered the Ecumenical Temple
  6072 | Temple   | Became a worshipper of Gozag Ym Sagoz the Greedy
  6597 | D:7      | Reached skill level 5 in Fighting
  6629 | D:7      | Reached skill level 3 in Shields
  6629 | D:7      | Reached XP level 9. HP: 61/61 MP: 9/9
  7005 | D:7      | HP: 15/62 [kobold/+0 dagger (4)]
  7563 | D:8      | Reached skill level 4 in Shields
  7593 | D:8      | Reached skill level 5 in Short Blades
  7848 | D:8      | Reached skill level 6 in Fighting
  8172 | D:8      | Found a hide-covered altar of Uskayaw.
  8174 | D:8      | Reached skill level 4 in Dodging
  8175 | D:8      | Noticed Grum
  8203 | D:8      | Killed Grum
  8215 | D:8      | HP: 8/63 [wolf[Grum] (8)]
  8511 | D:7      | Identified a scroll of acquirement
  8514 | D:7      | Got a heavily runed buckler
  8525 | D:7      | Identified the +3 buckler of Midwinter {rElec MP+9 Stlth+}
                  | (You acquired it on level 7 of the Dungeon)
  8625 | D:8      | Reached skill level 1 in Maces & Flails
  8719 | D:8      | Reached skill level 7 in Fighting
  8719 | D:8      | Reached skill level 2 in Maces & Flails
  8719 | D:8      | Reached skill level 5 in Dodging
  8719 | D:8      | Reached XP level 10. HP: 56/71 MP: 10/10
  8730 | D:8      | Reached skill level 3 in Maces & Flails
  8919 | D:8      | Found a runed translucent door.
  9042 | D:8      | Found a runed translucent door.
  9326 | D:8      | Reached skill level 6 in Dodging
  9331 | D:8      | Reached skill level 4 in Maces & Flails
  9691 | D:8      | Found a runed translucent door.
  9702 | D:8      | Reached skill level 8 in Fighting
 10060 | D:8      | Got a shimmering dagger
 10061 | D:8      | Identified the +8 dagger of Kaycai {drain, rPois Str+5
                  | Dex-5 Stlth+} (You found it on level 8 of the Dungeon)
 10105 | D:9      | Noticed a two-headed ogre
 10121 | D:8      | Slain by a two-headed ogre

Levels and vault maps discovered:
D:1:      eino_arrival_tree_alley, layout_rooms, serial_bayou,
          serial_bayou_pond_e, serial_bayou_lagoon_a, serial_bayou_pond_e,
          serial_bayou_crossing, serial_bayou_shore_a, serial_bayou_pond_a,
          minivault_14
D:2:      layout_basic, first_ration
D:3:      minmay_recursive_quarters, layout_loops_corners, goddamned_bats,
          uniq_grinder
D:4:      layout_basic, serial_co_window_serial, co_window_paths_a,
          co_window_paths_b, co_window_paths_a, co_window_corner_a,
          co_window_corner_a, co_window_2corner, co_window_corner_b,
          co_window_of_opportunity_b, co_window_of_opportunity_b,
          glass_columns_b, glass_columns_a, glass_columns_c, glass_columns_a
D:5:      layout_loops_corners, basic_altar
D:6:      layout_loops_ring, minmay_temple_entry_grid, uniq_duvessa
D:7:      layout_basic
D:8:      minmay_the_grid_four_pointed_star
          [minmay_the_grid_triangle_9x9_dagger,
          minmay_the_grid_triangle_9x9_negative_grid,
          minmay_the_grid_triangle_9x9_fully_insulated_deathbox,
          minmay_the_grid_triangle_9x9_corruption,
          minmay_the_grid_prize_shrinking_boxes], layout_basic,
          eat_drink_and_be_merry_uskayaw, grunt_livestock, grunt_ministairs_9,
          uniq_grum
D:9:      layout_basic
Temple:   minmay_crystal_snake_temple

Skill      XL: |  1  2  3  4  5  6  7  8  9 10 |
---------------+-------------------------------+-----
Stealth        | 6 7 10 11 | 11.0
Dodging        | 2 3 5 6 |  6.8
Short Blades   | 3 4 5 |  5.6
Fighting       | 3 5 7 8 |  8.3
Throwing       | 3 |  3.9
Shields        | 3 4 |  4.8
Maces & Flails | 2 4 |  4.9

Action                   |  1- 3 |  4- 6 |  7- 9 | 10-12 || total
-------------------------+-------+-------+-------+-------++-------
Melee: Dagger            |    56 |    98 |   225 |    11 ||   390
       Tentacles         |    15 |    17 |    60 |    27 ||   119
       Constrict         |    14 |    22 |    46 |    19 ||   101
       Mace              |       |       |    15 |    99 ||   114
Throw: Dart              |       |       |    42 |       ||    42
Evoke: Wand              |       |       |     2 |       ||     2
  Use: Scroll            |       |     2 |    16 |       ||    18
 Stab: Sleeping          |     9 |    14 |    34 |     6 ||    63
       Distracted        |     1 |       |     1 |     4 ||     6
  Eat: Chunk             |       |     4 |     1 |       ||     5
       Ration            |       |     1 |     6 |     1 ||     8
Armor: Skin              |     3 |    16 |    21 |     2 ||    42
Dodge: Dodged            |    38 |    53 |   137 |    62 ||   290
Block: Shield            |       |       |    48 |       ||    48
       Buckler           |       |       |     5 |    46 ||    51

Table legend:
 A = Non-vault XP
 B = Vault XP
 C = Vault XP percentage of total XP
 D = Non-vault monster count
 E = Vault monster count
 F = Vault count percentage of total count
                 A         B        C        D         E       F
            +---------+---------+-------+---------+---------+-------
      Total |    4617 |    3586 |  43.7 |     147 |      67 |  31.3
            +---------+---------+-------+---------+---------+-------
        D:1 |      31 |       0 |   0.0 |      18 |       0 |   0.0
        D:2 |      74 |       0 |   0.0 |      18 |       0 |   0.0
        D:3 |      57 |     497 |  89.7 |      15 |      30 |  66.7
        D:4 |     518 |       0 |   0.0 |      21 |       0 |   0.0
        D:5 |     554 |       0 |   0.0 |      15 |       0 |   0.0
        D:6 |     168 |     229 |  57.7 |       7 |       2 |  22.2
        D:7 |     727 |       0 |   0.0 |      22 |       0 |   0.0
        D:8 |    2488 |    2860 |  53.5 |      31 |      35 |  53.0
            +---------+---------+-------+---------+---------+-------

Levels and vault maps discovered:
D:1:      eino_arrival_tree_alley, layout_rooms, serial_bayou,
          serial_bayou_pond_e, serial_bayou_lagoon_a, serial_bayou_pond_e,
          serial_bayou_crossing, serial_bayou_shore_a, serial_bayou_pond_a,
          minivault_14
D:2:      layout_basic, first_ration
D:3:      minmay_recursive_quarters, layout_loops_corners, goddamned_bats,
          uniq_grinder
D:4:      layout_basic, serial_co_window_serial, co_window_paths_a,
          co_window_paths_b, co_window_paths_a, co_window_corner_a,
          co_window_corner_a, co_window_2corner, co_window_corner_b,
          co_window_of_opportunity_b, co_window_of_opportunity_b,
          glass_columns_b, glass_columns_a, glass_columns_c, glass_columns_a
D:5:      layout_loops_corners, basic_altar
D:6:      layout_loops_ring, minmay_temple_entry_grid, uniq_duvessa
D:7:      layout_basic
D:8:      minmay_the_grid_four_pointed_star
          [minmay_the_grid_triangle_9x9_dagger,
          minmay_the_grid_triangle_9x9_negative_grid,
          minmay_the_grid_triangle_9x9_fully_insulated_deathbox,
          minmay_the_grid_triangle_9x9_corruption,
          minmay_the_grid_prize_shrinking_boxes], layout_basic,
          eat_drink_and_be_merry_uskayaw, grunt_livestock, grunt_ministairs_9,
          uniq_grum
D:9:      layout_basic
Temple:   minmay_crystal_snake_temple

Table legend:
 A = Turns spent in this place as a percentage of turns spent in the entire game.
 B = Non-inter-level travel turns spent in this place as a percentage of non-inter-level travel turns spent in the entire game.
 C = Inter-level travel turns spent in this place as a percentage of turns spent in this place.
 D = Turns resting spent in this place as a percentage of non-inter-level travel turns spent in this place.
 E = Turns spent auto-exploring this place as a percentage of non-inter-level travel turns spent in this place.
 F = Non-inter-level travel turns spent in this place divided by the number of levels of this place that you've seen.
                   A       B       C       D       E      F
               +-------+-------+-------+-------+-------+----------------------
         Total | 100.0 | 100.0 |   3.7 |  31.0 |  52.8 | 974.2
       Dungeon |  97.8 |  98.2 |   3.4 |  31.5 |  52.0 | 1063.3
        Temple |   2.2 |   1.8 |  21.5 |   0.0 |  97.7 | 172.0
               +-------+-------+-------+-------+-------+----------------------

Table legend:
 A = Kills in this place as a percentage of kills in entire the game.
 B = Kills by you in this place as a percentage of kills by you in the entire game.
 C = Kills by friends in this place as a percentage of kills by friends in the entire game.
 D = Other kills in this place as a percentage of other kills in the entire game.
 E = Experience gained in this place as a percentage of experience gained in the entire game.
 F = Experience gained in this place divided by the number of levels of this place that you have seen.
                   A       B       C       D       E      F
               +-------+-------+-------+-------+-------+----------------------
         Total | 100.0 | 100.0 |   N/A |   N/A | 100.0 | 820.3
       Dungeon | 100.0 | 100.0 |   N/A |   N/A | 100.0 | 911.4
               +-------+-------+-------+-------+-------+----------------------
